 Dungeon Crawl Stone Soup version 0.32-a0-876-gcfddb08e57 (webtiles) character file.

Game seed: 11517624523513872475

75 smashvw the Covered (level 4, 0/38 HPs)
             Began as an Armataur Fighter on Apr 1, 2024.
             Killed by divine providence
             ... invoked by an orc priest
              (11 damage)
             ... on level 3 of the Dungeon.
             The game lasted 00:04:37 (1681 turns).

smashvw the Covered (Armataur Fighter)              Turns: 1681, Time: 00:04:37

Health: 0/38       AC: 11    Str: 23    XL:     4   Next: 11%
Magic:  4/4        EV:  6    Int:  8    God:
Gold:   103        SH:  4    Dex: 10    Spells: 3/3 levels left

rFire   . . .        a - +0 flail
rCold   . . .        c - +0 buckler
rNeg    . . .        b - +0 scale mail
rPois   .            (no helmet)
rElec   .            q - +0 cloak
rCorr   .            i - +2 pair of gloves
SInv    .            (no barding)
Will    .....        (no amulet) Stlth
                     (no ring)
HPRegen 0.26/turn    (no ring)
MPRegen 0.42/turn

%: roll
@: mighty
A: large, deformed body, tough skin 3, armoured tail, rollpage 1
a: Convert to Beogh


You were on level 3 of the Dungeon.
You visited 1 branch of the dungeon, and saw 3 of its levels.

You collected 103 gold pieces.

Inventory:

Hand Weapons
 a - a +0 flail (weapon)
Armour
 b - a +0 scale mail (worn)
 c - a +0 buckler (worn)
 i - a +2 pair of gloves (worn)
 q - a +0 cloak (worn)
Jewellery
 f - an amulet of magic regeneration
Scrolls
 g - 2 scrolls of teleportation {unknown}
 h - a scroll of fear {unknown}
 j - a scroll of immolation {unknown}
 m - a scroll of vulnerability {unknown}
 p - a scroll of amnesia {unknown}
 r - a scroll of identify {unknown}
 s - a scroll of enchant weapon {unknown}
Potions
 e - a potion of curing
 k - a potion of invisibility {unknown}
 l - a potion of degeneration {unknown}
 n - a potion of enlightenment {unknown}
 o - a potion of resistance {unknown}


   Skills:
 + Level 3.2 Fighting
 + Level 2.4 Maces & Flails
 + Level 4.3 Armour
 + Level 4.0 Shields


You had 3 spell levels left.
You didn't know any spells.
Your spell library was empty.

Dungeon Overview and Level Annotations

Branches:
Dungeon (3/15)

Altars:

Shops:
D:1 (


Innate Abilities, Weirdness & Mutations

Armour fits poorly on your strangely shaped body.
You have extremely tough skin. (AC +3)
You have a long armoured tail.
You regenerate magic when rolling toward enemies. (Rampage MPRegen)


Message History

Okay, then.
Okay, then.
Okay, then.
You feel very mighty all of a sudden. The orc hits you but does no damage.
You barely miss the orc. The orc barely misses you. You block the orc's attack.
You closely miss the orc.
Your tail-slap misses the orc.
The orc hits you but does no damage.
The orc priest looks encouraged for a moment.
You sock the orc!
You kill the orc!
You sock the ribbon worm!
The ribbon worm is heavily wounded.
The ribbon worm bites you but does no damage.
You sock the ribbon worm!
You kill the ribbon worm!
The white imp gestures at you. The puff of frost misses you.
You have reached level 4!
You feel agile.
You hit the white imp.
The white imp is severely wounded.
The white imp gestures at you. The puff of frost hits you!
* * * LOW HITPOINT WARNING * * *
The orc priest hits you but does no damage.
You sock the white imp!
You kill the white imp!
The orc priest shouts, "Beogh offers mercy even to people such as you.
Join us and be reborn!"
The orc priest looks encouraged for a moment.
Your Shields skill increases to level 4!
You roll towards the orc priest!
You hit the orc priest.
The orc priest is lightly wounded.
The orc priest barely misses you.
The orc priest hits you but does no damage.
You sock the orc priest!
The orc priest is heavily wounded.
The orc priest mumbles some strange prayers to Beogh against you.
Beogh smites you!
You die...

#### #..
#.#
######o###
#...@o...#
#.####.#.#
#.#
#.#.......#
#.#
#......##.#
#.#
#####...#
#.# .$...
#.#
...#.#####.
###.# $.#
..... #...#
... ...#


You could see an orc priest and an orc.

Vanquished Creatures
  2 adders (D:2)
  A white imp (D:3)
  A ribbon worm (D:3)
  A dart slug (D:1)
  An orc (D:3)
  6 ball pythons
  8 endoplasms
  A giant cockroach (D:2)
  3 goblins (D:2)
  4 hobgoblins (D:1)
  3 kobolds (D:2)
  3 quokkas
  2 bats (D:1)
  A frilled lizard (D:1)
  2 rats
39 creatures vanquished.

Notes
Turn   | Place    | Note
-------+----------+-------------------------------------------
     0 | D:1      | smashvw the Armataur Fighter began the quest for the Orb.
     0 | D:1      | Reached XP level 1. HP: 18/18 MP: 1/1
   226 | D:1      | Found Petumots's Weapon Shop.
   231 | D:1      | Reached XP level 2. HP: 21/25 MP: 2/2
   856 | D:2      | Reached XP level 3. HP: 31/31 MP: 3/3
  1304 | D:2      | Found a faded altar of an unknown god.
  1678 | D:3      | Reached XP level 4. HP: 17/38 MP: 4/4
  1681 | D:3      | Killed from afar by an orc priest

Illustrated notes

Levels and vault maps discovered:
D:1:      dpeg_arrival_ternary, layout_basic, serial_shops,
          nicolae_shop_bloodbath_and_beyond
D:2:      layout_basic, shapermc_ecumenical_altar_gd, minmay_misc_feat_diagonals
D:3:      layout_loops_cross, grunt_gozag_breadcrumbs, serial_shops, shop,
          serial_bayou_pond_c

Skill      XL: |  1  2  3  4 |
---------------+-------------+-----
Maces & Flails | 2 |  2.4
Armour         | 4 |  4.3
Fighting       | 3 |  3.2
Shields        | 4 |  4.0

Action                     |  1- 3 |  4- 6 || total
---------------------------+-------+-------++-------
  Melee: Flail             |    83 |     4 ||    87
         Tailslap          |     7 |       ||     7
    Use: Potion            |     2 |       ||     2
 Armour: Scale mail        |    56 |     3 ||    59
  Dodge: Dodged            |    30 |     1 ||    31
  Block: Buckler           |     6 |       ||     6

Table legend: (Time is in decaauts)
 A = Elapsed time spent in this place.
 B = Non-inter-level travel time spent in this place.
 C = Inter-level travel time spent in this place.
 D = Time resting spent in this place.
 E = Time spent auto-exploring this place.
 F = Levels seen in this place.
 G = Mean time per level.
                   A        B        C        D        E       F      G
               +--------+--------+--------+--------+--------+-----+--------+
         Total |   1707 |   1642 |     65 |      0 |   1386 |   3 |  569.0 |
       Dungeon |   1707 |   1642 |     65 |      0 |   1386 |   3 |  569.0 |
               +--------+--------+--------+--------+--------+-----+--------+

Top non-repeatable levels by time:
     D:2: 921 daAuts
     D:1: 689 daAuts
     D:3: 96 daAuts
